 Dungeon Crawl Stone Soup version 0.28-a0-475-g7dc2aef8ca (webtiles) character file.

Game seed: 16729689011838680225

49 NoKap the Grasshopper (level 3, -2/31 HPs)
             Began as a Gnoll Warper on Sept 16, 2021.
             Slain by Terence (5 damage)
             ... on level 1 of the Dungeon.
             The game lasted 00:03:29 (2165 turns).

NoKap the Grasshopper (Gnoll Warper)                Turns: 2165, Time: 00:03:30

Health: -2/31      AC:  3    Str: 10    XL:     3   Next: 77%
Magic:  9/9        EV: 12    Int: 13    God:
Gold:   116        SH:  0    Dex: 11    Spells: 7/12 levels left

rFire   . . .      SeeInvis .   a - +0 hand axe
rCold   . . .      Faith    .   (no shield)
rNeg    . . .      Spirit   .   b - +0 leather armour
rPois   .          Reflect  .   (no helmet)
rElec   .          Harm     .   (no cloak)
rCorr   .          Rampage  .   (no gloves)
Will    .....                   (no boots)
Stlth   +.........              (no amulet)
HPRegen 0.10/turn               (no ring)
MPRegen 0.11/turn               (no ring)

@: no status effects
A: fangs 1, strong nose, distributed training
a: no special abilities


You were on level 1 of the Dungeon.
You visited 1 branch of the dungeon, and saw 2 of its levels.

You collected 116 gold pieces.

Inventory:

Hand Weapons
 a - a +0 hand axe (weapon)
Missiles
 d - 5 boomerangs of dispersal (quivered)
 g - 52 arrows
Armour
 b - a +0 leather armour (worn)
Scrolls
 c - 2 scrolls of blinking
 e - a scroll of immolation {unknown}
 f - a scroll of magic mapping {unknown}
 h - a scroll of teleportation {unknown}
Potions
 i - a potion of ambrosia {unknown}
 j - 2 potions of brilliance {unknown}


   Skills:
 + Level 4.5 Fighting
 + Level 0.9 Short Blades
 + Level 0.9 Long Blades
 + Level 4.5 Axes
 + Level 0.9 Maces & Flails
 + Level 0.9 Polearms
 + Level 0.9 Staves
 + Level 0.9 Slings
 + Level 0.9 Bows
 + Level 0.9 Crossbows
 + Level 2.6 Throwing
 + Level 2.6 Armour
 + Level 4.5 Dodging
 + Level 0.9 Stealth
 + Level 0.9 Shields
 + Level 0.9 Unarmed Combat
 + Level 5.0 Spellcasting
 + Level 0.6 Conjurations
 + Level 0.6 Hexes
 + Level 0.6 Summonings
 + Level 0.6 Necromancy
 + Level 5.4 Translocations
 + Level 0.6 Transmutations
 + Level 0.6 Fire Magic
 + Level 0.6 Ice Magic
 + Level 0.6 Air Magic
 + Level 0.6 Earth Magic
 + Level 0.6 Poison Magic
 + Level 1.0 Invocations
 + Level 0.9 Evocations


You had 7 spell levels left.
You knew the following spells:

 Your Spells              Type           Power      Damage    Failure   Level
a - Blink                 Tloc           N/A        N/A       4%          2
b - Teleport Other        Tloc           17%        N/A       8%          3

Your spell library contained the following spells:

 Spells                   Type           Power      Damage    Failure   Level
 Gell's Gravitas          Tloc           8%         N/A       8%          3
 Lesser Beckoning         Tloc           17%        N/A       8%          3
 Manifold Assault         Tloc           17%        N/A       58%         5


Dungeon Overview and Level Annotations

Branches:
Dungeon (2/15)

Altars:

Annotations:
D:1 Terence


Innate Abilities, Weirdness & Mutations

You have very sharp teeth.
Your uncanny sense of smell can sniff out nearby items.
Your experience applies equally to all skills.


Message History

You hit Terence.
Terence is moderately wounded.
Terence hits you with a +0 flail!
You hit Terence.
Terence is moderately wounded.
Terence hits you with a +0 flail.
You hit Terence but do no damage.
Terence is moderately wounded.
Terence hits you with a +0 flail.
You hit Terence.
Terence is heavily wounded.
Terence hits you with a +0 flail!
* * * LOW HITPOINT WARNING * * *
Cast which spell? (? or * to list)
You blink.
Terence looks scornfully at you.
Terence no longer looks unusually strong.
There is a stone staircase leading up here.
You climb upwards.
There is a stone staircase leading down here.
You start resting.
HP restored.
You climb downwards.
Level annotation: Terence Terence hits you with a +0 flail.
Terence closely misses you.
There is a stone staircase leading up, spattered with blood here.
You hit Terence.
Terence is moderately wounded.
Terence hits you with a +0 flail!
You barely miss Terence.
Terence is moderately wounded.
Terence hits you with a +0 flail!
* * * LOW HITPOINT WARNING * * *
Terence hits you with a +0 flail.
* * * LOW HITPOINT WARNING * * *
You climb upwards.
There is a stone staircase leading down here.
There is an open door here.
Terence hits you with a +0 flail.
You die...

#.# ##...#### #...# ###.####
##.....## #...# .....#.##
##.......######.#####
.##.....####.........#.........#
...........'.........'.......#.#
.##.....####.........#.##...##.##
.#...#.## ##.......##.###......#
.##..### ##.....###.# #..##..#
...).# ##### ##.@.## #)# #......#
###.####...## ##@## #.# ##.##.##
#.###.....## #.#####.####>##.#
#.##.......# #.#.............#
#..........###.#.#####.##.####
####.......##....#####.##.#
##..........>.>...#.##.#
##...####....###.#.##.# #####
##.#.###......#


You could see Terence.

Vanquished Creatures
  An adder (D:2)
  2 dart slugs (D:1)
  A ball python (D:2)
  3 endoplasms
  A giant cockroach (D:1)
  9 goblins
  4 hobgoblins
  3 kobolds
  A quokka (D:2)
  4 bats (D:1)
  A frilled lizard (D:2)
  2 rats (D:1)
32 creatures vanquished.

Notes
Turn   | Place    | Note
-------+----------+-------------------------------------------
     0 | D:1      | NoKap the Gnoll Warper began the quest for the Orb.
     0 | D:1      | Reached XP level 1. HP: 20/20 MP: 6/6
   234 | D:1      | Reached XP level 2. HP: 26/26 MP: 7/7
   887 | D:1      | Reached XP level 3. HP: 30/31 MP: 9/9
   930 | D:1      | Learned a level 2 spell: Blink
   934 | D:1      | Learned a level 3 spell: Teleport Other
   948 | D:1      | Reached skill level 5 in Spellcasting
  1270 | D:2      | Reached skill level 1 in Invocations
  1865 | D:2      | Noticed Terence
  2165 | D:1      | Slain by Terence

Illustrated notes

Levels and vault maps discovered:
D:1:      sevenhm_arrival_forest_fort_small_4, layout_loops_corners
D:2:      layout_loops_corners, uniq_terence

Skill      XL: |  1  2  3 |
---------------+----------+-----
Spellcasting   | 5 |  5.0
Invocations    | 1 |  1.0
Fighting       | |  4.5
Short Blades   | |  0.9
Long Blades    | |  0.9
Axes           | |  4.5
Maces & Flails | |  0.9
Polearms       | |  0.9
Staves         | |  0.9
Slings         | |  0.9
Bows           | |  0.9
Crossbows      | |  0.9
Throwing       | |  2.6
Armour         | |  2.6
Dodging        | |  4.5
Stealth        | |  0.9
Shields        | |  0.9
Unarmed Combat | |  0.9
Conjurations   | |  0.6
Hexes          | |  0.6
Summonings     | |  0.6
Necromancy     | |  0.6
Translocations | |  5.4
Transmutations | |  0.6
Fire Magic     | |  0.6
Ice Magic      | |  0.6
Air Magic      | |  0.6
Earth Magic    | |  0.6
Poison Magic   | |  0.6
Evocations     | |  0.9

Action                   || total
-------------------------++-------
Melee: Hand axe          ||   129
       Bite              ||     9
 Cast: Blink             ||     1
 Stab: Sleeping          ||     2
Armor: Leather armour    ||    22
Dodge: Dodged            ||    89

Table legend: (Time is in decaauts)
 A = Elapsed time spent in this place.
 B = Non-inter-level travel time spent in this place.
 C = Inter-level travel time spent in this place.
 D = Time resting spent in this place.
 E = Time spent auto-exploring this place.
 F = Levels seen in this place.
 G = Mean time per level.
                   A        B        C        D        E       F      G
               +--------+--------+--------+--------+--------+-----+--------+
         Total |   2180 |   2169 |     11 |    408 |   1386 |   2 | 1090.0 |
       Dungeon |   2180 |   2169 |     11 |    408 |   1386 |   2 | 1090.0 |
               +--------+--------+--------+--------+--------+-----+--------+

Top non-repeatable levels by time:
     D:1: 1369 daAuts
     D:2: 810 daAuts
